General information
- name: BNet
- type: Ladder team game (AT/RT)
- host: Battle.net
- saver: kunt.roII
map: Goldshire
- players: 4
- length: 164:37
- speed: Fast
- version: 1.23 W3XP
- replay type: Public
» download(852 KB)
Players
team 1 (loser)
L.AKing[SeXy] (
teal | 73 APM | 11606 actions | 158:12)
6 Keeper of the Grove
3 Entangling Roots
2 Thorns Aura
1 Tranquility
5 Priestess of the Moon
3 Trueshot Aura
2 Searing Arrows
» actions
| Assign group hotkey | 60 | |
| Basic commands | 1774 | |
| Build / train | 216 | |
| Enter build submenu | 73 | |
| Enter hero's abilities submenu | 11 | |
| Give item / drop item | 7 | |
| Remove unit from queue | 3 | |
| Right click | 3861 | |
| Select / deselect | 2070 | |
| Select group hotkey | 2914 | |
| Use ability | 617 | |
11606 total
» units
| Wisp | 76 | |
| Archer | 38 | |
| Glaive Thrower | 31 | |
| Goblin Zeppelin | 2 | |
147 total
» upgrades
| Strength of the Moon | 3 | |
| Moon Armor | 3 | |
| Vorpal Blades | 1 | |
| Improved Bows | 1 | |
| Marksmanship | 1 | |
| Nature's Blessing | 1 | |
| Ultravision | 1 | |
11 total
» buildings
| Altar of Elders | 1 | |
| Moon Well | 7 | |
| Ancient of War | 4 | |
| Hunter's Hall | 1 | |
| Tree of Life | 4 | |
| Tree of Ages | 4 | |
| Tree of Eternity | 4 | |
| Ancient Protector | 46 | |
| Ancient of Wonders | 1 | |
72 total
» build order
00:06 Altar of Elders
00:17 Moon Well
01:48 Ancient of War
01:50 Hunter's Hall
01:52 Ancient of War
01:57 Ancient of War
02:01 Moon Well
02:06 Moon Well
04:01 Moon Well
05:35 Tree of Life
06:20 Tree of Ages
06:20 Tree of Ages
06:21 Tree of Ages
07:28 Moon Well
10:03 Moon Well
10:20 Tree of Eternity
10:20 Tree of Eternity
10:21 Tree of Eternity
13:10 Ancient of War
13:13 Ancient Protector
13:30 Moon Well
14:12 Ancient of Wonders
15:30 Ancient Protector
15:43 Ancient Protector
15:48 Ancient Protector
16:03 Ancient Protector
16:07 Ancient Protector
16:17 Ancient Protector
16:24 Ancient Protector
17:39 Tree of Life
17:42 Ancient Protector
18:43 Ancient Protector
18:46 Ancient Protector
19:06 Ancient Protector
19:23 Ancient Protector
19:51 Ancient Protector
20:01 Ancient Protector
20:30 Ancient Protector
20:41 Ancient Protector
21:11 Ancient Protector
21:17 Ancient Protector
21:19 Ancient Protector
21:21 Ancient Protector
21:37 Ancient Protector
21:52 Ancient Protector
22:00 Ancient Protector
22:38 Ancient Protector
22:41 Ancient Protector
22:46 Ancient Protector
22:52 Ancient Protector
22:59 Ancient Protector
23:06 Ancient Protector
23:12 Ancient Protector
23:23 Ancient Protector
23:30 Ancient Protector
23:40 Ancient Protector
24:28 Ancient Protector
24:34 Ancient Protector
24:48 Ancient Protector
26:24 Ancient Protector
26:27 Ancient Protector
26:29 Ancient Protector
26:35 Ancient Protector
27:50 Ancient Protector
33:52 Ancient Protector
34:01 Ancient Protector
34:05 Ancient Protector
34:45 Ancient Protector
36:46 Tree of Life
37:11 Tree of Life
» items
| Scroll of Healing | 2 | |
| Scroll of Protection | 1 | |
| Orb of Venom | 1 | |
| Periapt of Vitality | 3 | |
| Potion of Lesser Invulnerability | 3 | |
| Potion of Healing | 6 | |
16 total
L.AKnight (
red | 81 APM | 13331 actions | 164:30)
10 Demon Hunter
3 Mana Burn
3 Evasion
1 Metamorphosis
3 Immolation
» actions
| Assign group hotkey | 492 | |
| Basic commands | 339 | |
| Build / train | 166 | |
| ESC pressed | 11 | |
| Enter build submenu | 63 | |
| Enter hero's abilities submenu | 12 | |
| Give item / drop item | 6 | |
| Remove unit from queue | 1 | |
| Right click | 9390 | |
| Select / deselect | 2062 | |
| Select group hotkey | 180 | |
| Use ability | 608 | |
13331 total
» units
| Wisp | 54 | |
| Mountain Giant | 7 | |
| Chimaera | 6 | |
| Hippogryph | 1 | |
| Glaive Thrower | 9 | |
| Goblin Zeppelin | 1 | |
78 total
» upgrades
| Hardened Skin | 3 | |
| Resistant Skin | 2 | |
| Corrosive Breath | 1 | |
| Ultravision | 1 | |
| Vorpal Blades | 1 | |
| Nature's Blessing | 1 | |
9 total
» buildings
| Altar of Elders | 1 | |
| Moon Well | 7 | |
| Tree of Ages | 12 | |
| Hunter's Hall | 1 | |
| Ancient of Wonders | 1 | |
| Tree of Eternity | 3 | |
| Ancient of Lore | 2 | |
| Ancient of Wind | 2 | |
| Ancient Protector | 33 | |
| Chimaera Roost | 2 | |
| Tree of Life | 2 | |
| Ancient of War | 2 | |
68 total
» build order
00:04 Altar of Elders
00:18 Moon Well
02:31 Tree of Ages
02:31 Tree of Ages
02:31 Tree of Ages
03:10 Hunter's Hall
03:47 Moon Well
04:19 Moon Well
04:23 Ancient of Wonders
04:27 Moon Well
04:52 Tree of Eternity
04:52 Tree of Eternity
04:55 Ancient of Lore
05:14 Ancient of Lore
06:14 Moon Well
09:37 Moon Well
11:42 Ancient of Wind
12:28 Ancient Protector
12:31 Ancient Protector
12:57 Chimaera Roost
13:02 Chimaera Roost
13:13 Ancient Protector
14:30 Tree of Life
16:18 Moon Well
16:23 Ancient of Wind
17:51 Ancient Protector
17:54 Ancient Protector
18:52 Ancient Protector
18:54 Ancient Protector
18:57 Ancient Protector
21:51 Ancient Protector
22:32 Ancient Protector
22:41 Ancient Protector
22:47 Ancient Protector
22:54 Ancient Protector
23:34 Ancient Protector
24:37 Ancient Protector
24:41 Ancient Protector
24:54 Ancient Protector
25:01 Ancient Protector
27:40 Tree of Life
31:29 Ancient Protector
31:53 Ancient Protector
32:23 Ancient of War
32:26 Ancient of War
32:52 Ancient Protector
33:18 Ancient Protector
33:24 Ancient Protector
34:18 Ancient Protector
34:25 Ancient Protector
35:00 Ancient Protector
37:33 Ancient Protector
37:46 Ancient Protector
38:50 Ancient Protector
42:09 Ancient Protector
44:50 Ancient Protector
45:18 Ancient Protector
46:20 Ancient Protector
» items
| Boots of Speed | 3 | |
| Potion of Healing | 5 | |
| Orb of Venom | 1 | |
| Anti-magic Potion | 1 | |
| Potion of Lesser Invulnerability | 6 | |
| Scroll of Town Portal | 2 | |
| Dust of Appearance | 1 | |
19 total
team 2 (winner)

»
kunt.roII (
green | 103 APM | 16880 actions | 164:37)
7 Warden
3 Shadow Strike
3 Blink
1 Spirit of Vengeance
10 Goblin Alchemist
3 Acid Bomb
3 Chemical Rage
2 Transmute
2 Healing Spray
2 Blood Mage
1 Flame Strike
1 Siphon Mana
» actions
| Assign group hotkey | 155 | |
| Basic commands | 63 | |
| Build / train | 118 | |
| ESC pressed | 2 | |
| Enter build submenu | 42 | |
| Enter hero's abilities submenu | 25 | |
| Give item / drop item | 19 | |
| Right click | 9556 | |
| Select / deselect | 920 | |
| Select group hotkey | 4957 | |
| Use ability | 1021 | |
16880 total
» units
| Wisp | 11 | |
| Druid of the Talon | 18 | |
| Goblin Sapper | 1 | |
| Druid of the Claw | 4 | |
| Dryad | 1 | |
| Goblin Zeppelin | 1 | |
36 total
» upgrades
| Druid of the Talon Training | 2 | |
| Well Spring | 1 | |
| Druid of the Claw Training | 2 | |
| Abolish Magic | 1 | |
| Strength of the Wild | 2 | |
| Reinforced Hides | 2 | |
| Ultravision | 1 | |
| Mark of the Talon | 1 | |
12 total
» buildings
| Altar of Elders | 2 | |
| Moon Well | 11 | |
| Ancient of Wonders | 1 | |
| Tree of Ages | 3 | |
| Tree of Eternity | 2 | |
| Ancient of Wind | 1 | |
| Hunter's Hall | 1 | |
| Ancient of Lore | 1 | |
| Ancient Protector | 4 | |
| Tree of Life | 1 | |
27 total
» build order
00:07 Altar of Elders
00:27 Moon Well
01:07 Moon Well
02:20 Moon Well
02:57 Ancient of Wonders
03:12 Tree of Ages
03:12 Tree of Ages
05:43 Tree of Eternity
05:43 Tree of Eternity
06:39 Ancient of Wind
06:41 Hunter's Hall
12:31 Ancient of Lore
12:34 Ancient Protector
12:35 Ancient Protector
12:37 Ancient Protector
17:40 Moon Well
19:05 Moon Well
19:06 Moon Well
19:08 Moon Well
19:08 Moon Well
23:27 Ancient Protector
82:33 Tree of Life
121:00 Moon Well
122:14 Moon Well
124:08 Altar of Elders
125:38 Moon Well
» items
| Boots of Speed | 3 | |
| Dust of Appearance | 1 | |
| Staff of Teleportation | 3 | |
| Circlet of Nobility | 3 | |
| Lesser Clarity Potion | 5 | |
| Moonstone | 1 | |
| Potion of Healing | 3 | |
| Orb of Venom | 4 | |
| Scroll of Town Portal | 1 | |
| Potion of Lesser Invulnerability | 2 | |
| Scroll of Regeneration | 1 | |
| Potion of Mana | 1 | |
| Staff of Sanctuary | 2 | |
| Anti-magic Potion | 2 | |
| Tome of Retraining | 1 | |
33 total

»
StormsInJuly (
yellow | 80 APM | 13147 actions | 164:30)
8 Archmage
3 Blizzard
3 Brilliance Aura
1 Mass Teleport
1 Summon Water Elemental
4 Blood Mage
2 Flame Strike
1 Siphon Mana
1 Summon Phoenix
» actions
| Assign group hotkey | 1122 | |
| Basic commands | 201 | |
| Build / train | 296 | |
| ESC pressed | 6 | |
| Enter build submenu | 210 | |
| Enter hero's abilities submenu | 17 | |
| Give item / drop item | 14 | |
| Remove unit from queue | 5 | |
| Right click | 5656 | |
| Select / deselect | 3863 | |
| Select group hotkey | 274 | |
| Use ability | 1465 | |
13147 total
» units
| Peasant | 39 | |
| Dragonhawk Rider | 10 | |
| Goblin Zeppelin | 5 | |
54 total
» upgrades
| Masonry | 3 | |
| Lumber Harvesting | 2 | |
| Armor | 2 | |
| Animal War Training | 1 | |
| Sorceress Training | 1 | |
| Cloud | 1 | |
10 total
» buildings
| Altar of Kings | 1 | |
| Farm | 6 | |
| Lumber Mill | 1 | |
| Scout Tower | 148 | |
| Guard Tower | 154 | |
| Arcane Tower | 6 | |
| Keep | 2 | |
| Arcane Vault | 1 | |
| Gryphon Aviary | 4 | |
| Castle | 1 | |
| Town Hall | 1 | |
| Blacksmith | 1 | |
| Barracks | 1 | |
| Workshop | 1 | |
| Arcane Sanctum | 1 | |
| Cannon Tower | 29 | |
358 total
» build order
00:04 Altar of Kings
00:28 Farm
00:49 Lumber Mill
00:59 Farm
01:09 Scout Tower
01:37 Scout Tower
01:45 Scout Tower
01:50 Guard Tower
01:52 Scout Tower
02:10 Scout Tower
02:12 Scout Tower
02:16 Scout Tower
02:17 Arcane Tower
02:18 Guard Tower
02:18 Guard Tower
02:24 Guard Tower
02:40 Guard Tower
02:41 Guard Tower
02:44 Scout Tower
02:46 Scout Tower
02:58 Guard Tower
02:59 Guard Tower
03:02 Guard Tower
03:02 Guard Tower
03:47 Guard Tower
03:49 Scout Tower
03:51 Scout Tower
03:56 Keep
03:59 Farm
04:10 Arcane Vault
04:18 Guard Tower
04:18 Guard Tower
04:19 Guard Tower
04:21 Scout Tower
04:24 Scout Tower
04:49 Guard Tower
04:52 Scout Tower
04:55 Scout Tower
05:24 Guard Tower
05:25 Scout Tower
05:33 Scout Tower
05:36 Scout Tower
06:01 Guard Tower
06:01 Guard Tower
06:02 Scout Tower
06:11 Guard Tower
06:11 Guard Tower
06:31 Gryphon Aviary
06:31 Gryphon Aviary
06:39 Guard Tower
06:39 Guard Tower
06:40 Scout Tower
06:41 Guard Tower
06:42 Scout Tower
06:48 Scout Tower
07:22 Guard Tower
07:22 Guard Tower
07:28 Scout Tower
08:13 Scout Tower
08:15 Scout Tower
08:15 Guard Tower
08:16 Guard Tower
08:55 Guard Tower
08:59 Castle
09:24 Farm
09:24 Farm
10:58 Scout Tower
11:24 Town Hall
11:35 Guard Tower
11:36 Scout Tower
12:03 Guard Tower
12:05 Scout Tower
12:05 Scout Tower
12:33 Scout Tower
12:34 Scout Tower
12:42 Guard Tower
12:42 Guard Tower
12:42 Guard Tower
13:23 Guard Tower
13:23 Guard Tower
13:27 Scout Tower
13:27 Scout Tower
13:45 Guard Tower
13:45 Guard Tower
13:46 Guard Tower
13:52 Blacksmith
15:08 Guard Tower
15:13 Scout Tower
15:17 Scout Tower
15:20 Scout Tower
15:21 Scout Tower
15:22 Scout Tower
15:23 Scout Tower
16:44 Guard Tower
16:50 Guard Tower
16:51 Guard Tower
17:24 Scout Tower
17:24 Scout Tower
17:28 Scout Tower
17:28 Scout Tower
17:29 Scout Tower
17:33 Scout Tower
17:34 Scout Tower
17:40 Scout Tower
17:45 Scout Tower
17:45 Scout Tower
17:46 Scout Tower
17:49 Scout Tower
17:50 Scout Tower
18:37 Barracks
19:36 Workshop
19:56 Arcane Sanctum
20:01 Scout Tower
20:02 Scout Tower
20:03 Scout Tower
20:03 Scout Tower
20:04 Scout Tower
21:08 Scout Tower
21:41 Scout Tower
22:03 Scout Tower
22:08 Scout Tower
22:40 Scout Tower
22:44 Scout Tower
22:49 Guard Tower
23:14 Scout Tower
23:15 Scout Tower
23:48 Scout Tower
23:49 Scout Tower
23:52 Scout Tower
24:13 Scout Tower
24:14 Arcane Tower
24:14 Arcane Tower
24:15 Cannon Tower
24:16 Cannon Tower
24:16 Cannon Tower
24:19 Cannon Tower
24:19 Cannon Tower
24:20 Guard Tower
24:21 Guard Tower
24:22 Guard Tower
24:22 Guard Tower
24:23 Cannon Tower
24:25 Guard Tower
24:26 Scout Tower
24:28 Scout Tower
24:50 Guard Tower
24:50 Guard Tower
25:03 Cannon Tower
25:03 Cannon Tower
25:08 Guard Tower
25:08 Guard Tower
25:09 Scout Tower
25:11 Scout Tower
25:12 Scout Tower
25:39 Guard Tower
25:39 Guard Tower
25:39 Guard Tower
25:40 Scout Tower
25:42 Scout Tower
26:20 Guard Tower
26:21 Guard Tower
27:54 Farm
29:51 Scout Tower
29:52 Scout Tower
29:53 Scout Tower
30:22 Cannon Tower
30:22 Cannon Tower
30:23 Cannon Tower
30:24 Guard Tower
30:24 Scout Tower
30:28 Scout Tower
30:31 Scout Tower
30:36 Scout Tower
30:43 Scout Tower
30:44 Scout Tower
30:47 Scout Tower
30:48 Scout Tower
30:57 Guard Tower
30:59 Guard Tower
30:59 Guard Tower
31:00 Guard Tower
31:04 Scout Tower
31:06 Guard Tower
31:06 Guard Tower
31:06 Guard Tower
31:08 Scout Tower
31:35 Guard Tower
31:36 Guard Tower
31:57 Scout Tower
32:00 Scout Tower
32:21 Scout Tower
32:22 Scout Tower
32:25 Scout Tower
32:27 Scout Tower
32:29 Scout Tower
32:30 Cannon Tower
32:39 Scout Tower
32:40 Scout Tower
32:43 Scout Tower
32:52 Guard Tower
32:52 Guard Tower
32:52 Guard Tower
32:54 Scout Tower
32:54 Guard Tower
32:55 Guard Tower
32:55 Guard Tower
32:57 Scout Tower
33:08 Cannon Tower
33:09 Cannon Tower
33:18 Guard Tower
33:18 Guard Tower
33:19 Scout Tower
33:25 Scout Tower
33:36 Guard Tower
33:36 Guard Tower
34:11 Guard Tower
34:39 Scout Tower
35:12 Scout Tower
35:33 Cannon Tower
35:34 Scout Tower
35:44 Cannon Tower
37:47 Scout Tower
38:22 Cannon Tower
38:48 Scout Tower
39:49 Guard Tower
40:23 Scout Tower
40:24 Scout Tower
40:57 Guard Tower
40:57 Guard Tower
40:58 Scout Tower
41:12 Guard Tower
41:13 Guard Tower
41:13 Scout Tower
41:47 Guard Tower
41:47 Guard Tower
43:26 Scout Tower
45:00 Cannon Tower
45:04 Scout Tower
45:20 Scout Tower
45:21 Scout Tower
45:29 Scout Tower
46:13 Guard Tower
46:14 Guard Tower
46:17 Guard Tower
46:38 Cannon Tower
46:38 Cannon Tower
46:40 Scout Tower
49:52 Scout Tower
49:53 Scout Tower
52:32 Guard Tower
52:33 Scout Tower
52:34 Scout Tower
52:36 Scout Tower
55:28 Guard Tower
57:22 Scout Tower
57:23 Scout Tower
58:01 Scout Tower
58:02 Scout Tower
58:03 Scout Tower
58:38 Guard Tower
58:38 Guard Tower
58:42 Scout Tower
59:56 Guard Tower
59:59 Guard Tower
59:59 Guard Tower
60:05 Scout Tower
61:38 Guard Tower
85:25 Scout Tower
85:27 Scout Tower
85:30 Scout Tower
85:34 Scout Tower
85:35 Scout Tower
87:28 Guard Tower
87:33 Scout Tower
88:19 Scout Tower
88:22 Guard Tower
88:23 Scout Tower
88:50 Guard Tower
88:50 Guard Tower
88:51 Scout Tower
88:54 Guard Tower
88:54 Guard Tower
88:55 Scout Tower
89:43 Arcane Tower
89:44 Arcane Tower
90:03 Scout Tower
90:05 Scout Tower
90:11 Scout Tower
90:13 Scout Tower
90:14 Scout Tower
90:18 Guard Tower
90:43 Guard Tower
90:43 Guard Tower
90:48 Scout Tower
90:50 Scout Tower
91:38 Guard Tower
91:38 Guard Tower
91:43 Guard Tower
91:43 Guard Tower
92:57 Scout Tower
94:32 Guard Tower
94:32 Guard Tower
95:08 Gryphon Aviary
95:15 Gryphon Aviary
» items
| Scroll of Regeneration | 5 | |
| Staff of Teleportation | 1 | |
| Boots of Speed | 1 | |
| Potion of Healing | 5 | |
| Scroll of Town Portal | 1 | |
13 total
Chat log
(00:07 / Allies) StormsInJuly: let´s tower
(00:11 / Allies) kunt.roII: Ok
(01:40 / All) kunt.roII: U guys new players?
(01:44 / All) L.AKnight: ye
(01:52 / All) L.AKnight: ;(
(01:57 / All) kunt.roII: dam
(02:03 / Allies) StormsInJuly: i need some lumbers
(03:42 / Allies) StormsInJuly: gotta bounce.
(03:45 / Allies) kunt.roII: tt
(04:52 / All) kunt.roII: U rdy for dis
(05:12 / Allies) StormsInJuly: gay
(05:48 / Allies) kunt.roII: Hmm
(05:54 / Allies) kunt.roII: not sure what 2nd h3r0
(06:03 / Allies) StormsInJuly: skip
(06:05 / Allies) StormsInJuly: i like solo warden
(06:18 / Allies) kunt.roII: 2 bad
(06:18 / Allies) StormsInJuly: find reds tech if you got the time.
(07:03 / Allies) kunt.roII: sh1t
(07:10 / Allies) StormsInJuly: mg lol!
(07:17 / All) kunt.roII: Jerk
(07:25 / Allies) StormsInJuly: www
(07:35 / Allies) kunt.roII: i like have this gay creeping pattern down on this map for towering with orc
(07:42 / Allies) StormsInJuly: really.
(07:48 / Allies) kunt.roII: but hard to traverse map infsted with roots
(07:53 / Allies) kunt.roII: when u dont have ww
(07:58 / Allies) kunt.roII: wow
(07:59 / Allies) StormsInJuly: hmm
(08:20 / Allies) kunt.roII: can get that with lvl 1 blade and the dudes at the shop
(08:30 / Allies) StormsInJuly: can i chop through these rocks
(08:38 / Allies) kunt.roII: yea it takes forever tho
(08:42 / Allies) StormsInJuly: done
(09:04 / Allies) StormsInJuly: you defend ? good
(10:21 / Allies) kunt.roII: Hmm
(10:54 / All) kunt.roII: U sure u know what ur doin
(11:32 / All) StormsInJuly: EzPzLmnSqz
(12:21 / Allies) kunt.roII: dam lol'
(13:11 / Allies) StormsInJuly: lame!
(13:51 / Allies) kunt.roII: i hope they didnt do this yet
(13:56 / Allies) kunt.roII: tho i fear the worst
(14:00 / Allies) kunt.roII: oh nice
(14:51 / Allies) kunt.roII: dam
(15:04 / All) kunt.roII: ~*~ TiMiNg ~*~
(16:20 / Allies) kunt.roII: ill use 1 of those later but no need for other
(16:31 / Allies) StormsInJuly: grab them off my am then
(16:55 / Allies) kunt.roII: ahah towers
(17:02 / Allies) StormsInJuly: yeah just mess with him there.
(17:22 / Allies) kunt.roII: ruh roh
(17:43 / Allies) StormsInJuly: heh.
(18:54 / Allies) kunt.roII: a dam shame
(19:41 / Allies) kunt.roII: got any nvins
(19:44 / Allies) kunt.roII: nvis
(19:50 / Allies) StormsInJuly: no but i can get i guess
(19:55 / Allies) kunt.roII: would b nice
(21:36 / Allies) kunt.roII: hrm
(21:45 / Allies) StormsInJuly: hrrrrm
(22:25 / All) kunt.roII: 100% tech red????
(22:29 / Allies) StormsInJuly: what are they up to
(22:34 / Allies) kunt.roII: waiting i guess
(22:41 / Allies) kunt.roII: they prob lost to towers before
(22:57 / Allies) kunt.roII: not sure how double elf gonna finish us off
(23:04 / Allies) kunt.roII: unless they make good use of kotg in a push
(23:06 / Allies) StormsInJuly: zep drop would be nice
(23:28 / Allies) StormsInJuly: if i want cannon towers and guard towers to finish at the same time
(23:32 / Allies) StormsInJuly: when do i upg guard towers? 50%?
(23:36 / Allies) kunt.roII: not really sure
(24:14 / Allies) kunt.roII: ^_*
(24:34 / Allies) kunt.roII: haha
(24:36 / Allies) StormsInJuly: fuck i got greedy!!!
(24:37 / Allies) kunt.roII: shit
(25:22 / Allies) kunt.roII: this guy
(25:24 / Allies) kunt.roII: like 100 food archer
(26:14 / Allies) StormsInJuly: sorry
(26:17 / Allies) kunt.roII: dam,
(26:35 / Allies) kunt.roII: this is lol tho
(26:38 / Allies) kunt.roII: how did u get workin tree
(26:42 / Allies) StormsInJuly: zep..
(26:44 / Allies) kunt.roII: suring night?
(26:46 / Allies) kunt.roII: during*
(27:24 / Allies) kunt.roII: ah
(28:36 / Allies) kunt.roII: heh
(28:38 / Allies) kunt.roII: kotg
(29:00 / Allies) StormsInJuly: nice
(29:05 / Allies) StormsInJuly: kill that freakin chim
(29:06 / Allies) StormsInJuly: so he loses vision
(30:08 / Allies) kunt.roII: o no
(30:26 / Allies) kunt.roII: that went from pro to not so : /
(31:44 / Allies) kunt.roII: nice
(31:49 / Allies) kunt.roII: acid bomb can finsh kill
(33:47 / Allies) StormsInJuly: get a dott or something
(33:47 / Allies) kunt.roII: ye
(33:48 / Allies) StormsInJuly: over here
(33:53 / Allies) StormsInJuly: t
(34:32 / Allies) kunt.roII: ahha
(35:07 / Allies) StormsInJuly: uze am if you want
(35:10 / Allies) StormsInJuly: im BUSY
(35:19 / Allies) kunt.roII: kk
(35:21 / Allies) StormsInJuly: well i can use a little.
(35:28 / Allies) kunt.roII: durp
(35:32 / Allies) StormsInJuly: you take
(35:35 / Allies) kunt.roII: k
(36:14 / Allies) StormsInJuly: hmmmmm
(36:22 / Allies) kunt.roII: siege going bot
(36:33 / Allies) StormsInJuly: is hard times ahead
(37:23 / All) kunt.roII: ECONOMIC CRISIS
(37:27 / All) kunt.roII: 2009
(37:36 / Allies) kunt.roII: am has to be here tbqh
(37:38 / Allies) StormsInJuly: use my fireman
(37:44 / Allies) kunt.roII: oic
(37:54 / Allies) StormsInJuly: am is busy with duties
(39:41 / Allies) StormsInJuly: fuckkk
(39:59 / Allies) kunt.roII: ashkl;lasjasd
(40:00 / Allies) kunt.roII: TP
(40:14 / Allies) kunt.roII: harssin seige from air
(40:27 / Allies) StormsInJuly: quit losin bears!
(40:40 / Allies) kunt.roII: tbqh hotkeys all mssed up
(41:53 / Allies) kunt.roII: lil gold plz
(41:56 / Allies) kunt.roII: items for ur bm
(43:34 / Allies) kunt.roII: w0ot
(43:43 / Allies) kunt.roII: not woot
(43:49 / Allies) StormsInJuly: ugh ok!
(45:26 / Allies) kunt.roII: hmm
(45:30 / Allies) kunt.roII: dagger or blink 3
(45:37 / Allies) StormsInJuly: blink
(45:44 / Allies) StormsInJuly: if you're asking about 5 spell
(45:47 / Allies) kunt.roII: ye
(45:55 / Allies) StormsInJuly: level 3 blink is best spell in game so
(46:18 / Allies) kunt.roII: i thought that was unholy aura
(46:32 / Allies) StormsInJuly: let me put it like this, if dk had blink i would be ud player
(48:08 / Allies) kunt.roII: all dese trees
(48:20 / Allies) kunt.roII: wanna fight
(48:27 / Allies) StormsInJuly: yeah im sending my boy down
(48:38 / Allies) StormsInJuly: rock em and sock em
(48:41 / Allies) StormsInJuly: stuck hold on
(48:59 / Allies) StormsInJuly: OK
(49:13 / Allies) StormsInJuly: is nice
(49:24 / Allies) kunt.roII: poof
(49:24 / Allies) kunt.roII: wtf
(49:26 / Allies) StormsInJuly: HEH
(49:57 / Allies) kunt.roII: alc on da way
(50:03 / Allies) StormsInJuly: my boy on his way back
(50:11 / Allies) StormsInJuly: theres my boy
(50:58 / Allies) StormsInJuly: look at
(50:59 / Allies) StormsInJuly: yes
(51:14 / Allies) StormsInJuly: warden?
(51:16 / Allies) kunt.roII: reving
(51:20 / Allies) StormsInJuly: dang
(51:21 / Allies) kunt.roII: haha what
(51:43 / Allies) StormsInJuly: made an entrance
(51:46 / Allies) StormsInJuly: on top side
(52:04 / Allies) kunt.roII: i need way around dis mess
(52:13 / Allies) StormsInJuly: fucking peon
(52:15 / Allies) StormsInJuly: super
(52:15 / Allies) StormsInJuly: fucking
(52:17 / Allies) StormsInJuly: backstab
(52:19 / Allies) StormsInJuly: lmao
(52:21 / Allies) kunt.roII: haha immo
(52:24 / Allies) StormsInJuly: HAHA
(52:30 / Allies) kunt.roII: 2 1/3 lvls
(52:35 / Allies) kunt.roII: need gold
(52:45 / Allies) StormsInJuly: start smuting more
(52:49 / Allies) kunt.roII: ye
(52:51 / Allies) kunt.roII: just got it sheesh
(53:07 / Allies) kunt.roII: can i even mute mechanical
(53:11 / Allies) StormsInJuly: yes
(53:14 / Allies) kunt.roII: good
(53:31 / Allies) StormsInJuly: fuck that
(55:41 / Allies) StormsInJuly: we runnin on empty over here
(55:54 / Allies) kunt.roII: yeah but they are new players
(56:08 / Allies) StormsInJuly: get rdy
(56:35 / Allies) kunt.roII: b r b
(56:48 / Allies) StormsInJuly: lmao
(56:49 / Allies) kunt.roII: welp
(56:50 / Allies) StormsInJuly: Whoops
(56:52 / Allies) kunt.roII: i think thats toast
(56:58 / Allies) StormsInJuly: yeee
(57:19 / All) L.AKnight: ...
(57:22 / All) kunt.roII:
(57:31 / All) L.AKnight: its fun lol
(57:33 / All) kunt.roII: Ye
(57:41 / All) kunt.roII: YeOldeNigger
(57:55 / Allies) StormsInJuly: i wonder how paid they are
(58:06 / Allies) kunt.roII: that is alot of pricy trees
(58:10 / Allies) StormsInJuly: ill tower up a little bit more but i'm also preparing for the worst
(58:15 / Allies) kunt.roII: not just ur regular old pine tree
(58:20 / Allies) StormsInJuly: that mine be empty
(58:36 / Allies) kunt.roII: omg
(58:38 / Allies) kunt.roII: cant tmute giant
(58:43 / Allies) StormsInJuly: res. skin
(59:09 / All) kunt.roII: 1 at a time wont cut it now
(59:09 / Allies) StormsInJuly: in case the unspeakable happens i am preparing a govnmt in exile
(59:11 / Allies) StormsInJuly: on the perch
(59:19 / Allies) kunt.roII: heh
(59:25 / Allies) StormsInJuly: can you keep a dott there
(59:28 / Allies) kunt.roII: we should jsut sucede now
(59:30 / Allies) StormsInJuly: they might be figuring the tree thing out
(60:46 / Allies) StormsInJuly: n1. cash in on those lista
(60:52 / Allies) StormsInJuly: a ballista... made of solid gold
(61:24 / Allies) StormsInJuly: they dont seem to be in upkeep so that last goldmine is pretty bank
(61:30 / Allies) kunt.roII: yea
(61:44 / Allies) StormsInJuly: heh
(62:19 / All) kunt.roII: can u do me a favor
(62:23 / All) kunt.roII: and kill off all ur units for me
(62:51 / Allies) kunt.roII: +1 6 8
(62:59 / Allies) StormsInJuly: save up yo cash
(63:00 / Allies) kunt.roII: thats more than a whole tower
(63:03 / Allies) StormsInJuly: gonna need more money to fix up a nice perch
(63:20 / Allies) StormsInJuly: kind of hard to defend also when they can drop in a 10 dh
(63:29 / Allies) kunt.roII: alc is good vs him
(63:33 / Allies) StormsInJuly: yeom
(64:17 / Allies) kunt.roII: do i have room fora tol up there
(64:20 / Allies) StormsInJuly: Sure
(64:27 / Allies) kunt.roII: a tasty snack
(64:38 / Allies) StormsInJuly: keep that bitch underleveled
(64:48 / Allies) StormsInJuly: haha chug them pots
(65:04 / Allies) kunt.roII: welpl
(65:05 / Allies) StormsInJuly: you should really staff out your alch with warden
(65:07 / Allies) StormsInJuly: cause she can teleport.
(65:15 / Allies) kunt.roII: yea...
(65:28 / Allies) kunt.roII: i have been but taht time it was ok
(65:38 / Allies) kunt.roII: was afread if war was tangled right then she woulda died
(65:39 / Allies) StormsInJuly: you can place tol here yes
(65:49 / Allies) kunt.roII: yeah
(65:52 / Allies) kunt.roII: next to worker
(66:16 / Allies) kunt.roII: would be funny if they used all gold to push in on our bases
(66:19 / Allies) StormsInJuly: dont think i've ever seen a game come down to this perch
(66:20 / Allies) StormsInJuly: and get won
(66:21 / Allies) kunt.roII: and had no air letf/no owl scout
(66:23 / Allies) StormsInJuly: yes
(66:38 / Allies) StormsInJuly: bearsss
(67:08 / Allies) kunt.roII: mmmmmmmmmmm
(67:13 / Allies) kunt.roII: WHoop
(67:37 / All) L.AKnight: y so angry lol
(68:32 / All) L.AKnight: lol
(68:33 / Allies) kunt.roII: my internet
(68:34 / Allies) StormsInJuly: dont drop
(68:34 / Allies) kunt.roII: wacking out
(68:40 / Allies) kunt.roII: aim wont connect
(68:46 / Allies) StormsInJuly: this is a sweet peninsula
(69:50 / Allies) kunt.roII: mm frosty on aim also
(69:57 / Allies) kunt.roII: dam internetz
(70:40 / Allies) kunt.roII: ugh
(70:51 / Allies) StormsInJuly: i can make a new 1
(70:52 / Allies) kunt.roII: laggin
(70:55 / Allies) StormsInJuly: but you have to go out and transmute somebody
(70:58 / Allies) kunt.roII: or i could kill that potm
(71:04 / Allies) kunt.roII: kotg*
(71:05 / Allies) StormsInJuly: both are fine
(71:07 / Allies) StormsInJuly: roar and go nuts
(71:22 / Allies) StormsInJuly: you want a new sorc y oder n
(71:26 / Allies) StormsInJuly: this is a cunning troll
(71:27 / Allies) StormsInJuly: get out
(71:28 / Allies) StormsInJuly: please
(71:29 / Allies) StormsInJuly: !!!
(71:30 / Allies) StormsInJuly: hah
(71:31 / Allies) kunt.roII: god
(71:32 / Allies) kunt.roII: this lag
(71:34 / Allies) kunt.roII: is bullshit
(71:36 / Allies) kunt.roII: im spiking so hard
(71:36 / All) L.AKnight: poor warden
(71:59 / Allies) kunt.roII: i watched a frame of like 20 rocks en route to my wardens face
(72:04 / Allies) kunt.roII: for like 8 seconds
(72:17 / Allies) kunt.roII: haha
(72:22 / Allies) StormsInJuly: delish
(72:27 / All) L.AKnight: poor dh
(72:28 / Allies) kunt.roII: and yea need alc to snipe units with tmute
(72:32 / Allies) kunt.roII: err
(72:33 / Allies) kunt.roII: sorc
(72:41 / Allies) StormsInJuly: ok is a big invest
(72:49 / Allies) kunt.roII: yea
(73:51 / Allies) kunt.roII: iono what they are thinkni
(74:04 / Allies) StormsInJuly: mines are all out
(74:21 / Allies) StormsInJuly: they're probably going to keep picking off towers with
(74:25 / Allies) StormsInJuly: kotg heal
(74:29 / Allies) StormsInJuly: and dh
(74:39 / Allies) StormsInJuly: maybe if we lose a lotta tower they get more conf. i dunno
(75:12 / Allies) kunt.roII: on the move
(75:27 / Allies) StormsInJuly: this is a pretty scenic map
(75:40 / Allies) kunt.roII: its my favorite in all map pools tbqh
(75:40 / Allies) StormsInJuly: yeah you can smute some wisps for change
(75:55 / Allies) kunt.roII: i saw one
(76:01 / Allies) kunt.roII: oh my maybe they ap rushn us
(76:02 / Allies) StormsInJuly: wisps there. i dunno
(76:05 / Allies) StormsInJuly: you dont have much invis left yes
(76:08 / Allies) kunt.roII: yes
(76:27 / Allies) StormsInJuly: can you xmute raccoon?
(76:37 / Allies) kunt.roII: or chicken
(76:47 / Allies) StormsInJuly: that's where the money is at
(77:04 / Allies) StormsInJuly: i would guess
(77:08 / Allies) StormsInJuly: you can but you wont get much money
(77:14 / Allies) kunt.roII: lets see
(77:15 / Allies) StormsInJuly: i dont remember how much the build cost of chicken is
(77:18 / Allies) StormsInJuly: but it's either 0 or 10
(77:21 / Allies) kunt.roII: 0
(77:23 / Allies) kunt.roII: haha
(78:28 / Allies) StormsInJuly: nice
(78:47 / Allies) StormsInJuly: he hiding wisps
(79:14 / Allies) StormsInJuly: :S
(79:18 / Allies) kunt.roII: professional
(79:36 / Allies) StormsInJuly: gonna make it easier for them with this
(79:38 / Allies) kunt.roII: iono that it matter
(79:39 / Allies) kunt.roII: but
(79:45 / Allies) kunt.roII: can u flamestrike some holes
(79:49 / Allies) kunt.roII: actually i could eat
(79:51 / Allies) StormsInJuly: yeah
(79:54 / Allies) StormsInJuly: i can do it with strike
(79:58 / Allies) StormsInJuly: so you can yomp through trees
(80:34 / Allies) StormsInJuly: ok no more losing heroes is allowed this game
(80:37 / Allies) kunt.roII: aite
(80:54 / Allies) StormsInJuly: need gold for towers and atleast 1 dhawk i think
(81:09 / Allies) StormsInJuly: roar & score
(81:34 / Allies) StormsInJuly: can you make it out through there?
(81:48 / Allies) kunt.roII: ^^
(82:21 / Allies) kunt.roII: i dun
(82:22 / Allies) kunt.roII: ah
(83:06 / Allies) StormsInJuly: mind if i execute all your worker?
(83:23 / Allies) kunt.roII: go 4 it
(83:29 / Allies) StormsInJuly: dont want them to have sfall you know
(83:44 / Allies) kunt.roII: heh
(84:23 / Allies) StormsInJuly: how many items do they use. geez
(84:34 / All) kunt.roII: this aint item defense,,
(84:38 / Allies) StormsInJuly: bring your aps to the front i think
(84:39 / All) kunt.roII: u clowns
(84:43 / All) L.AKnight: hehe
(84:45 / All) L.AKnight: i love this
(84:51 / All) L.AKnight: got all night
(84:56 / All) kunt.roII: I hope so
(85:06 / All) L.AKnight: ^^^
(85:12 / All) kunt.roII: for some of us, the day has just begun
(85:14 / All) L.AKing[SeXy]: i still got 5000 godl
(85:18 / All) kunt.roII: DAm!
(85:27 / All) kunt.roII: dont spend it or i might get 7000 gold
(85:29 / All) L.AKing[SeXy]: cuz that last expo
(85:49 / Allies) kunt.roII: gotta get more gold
(85:59 / Allies) StormsInJuly: yeah do you want any of my items?
(86:03 / Allies) kunt.roII: nah
(86:05 / Allies) StormsInJuly: cause im sellin
(86:11 / Allies) StormsInJuly: sellin it all
(86:54 / Allies) kunt.roII: genocide
(86:55 / Allies) StormsInJuly: kill your toe and staff up your bears
(86:58 / Allies) StormsInJuly: or, well
(86:59 / Allies) StormsInJuly: not yet maybe
(87:01 / Allies) StormsInJuly: bears still useful
(87:23 / Allies) kunt.roII: should i get a couple more
(87:24 / Allies) kunt.roII: err no
(87:26 / Allies) kunt.roII: get hawk maybe
(87:29 / Allies) StormsInJuly: yeah
(87:38 / Allies) StormsInJuly: taking care of towers first
(87:46 / Allies) StormsInJuly: got 1 Deterrence Hawk
(88:07 / Allies) kunt.roII: oh dam
(88:11 / Allies) StormsInJuly: :-))
(88:17 / Allies) StormsInJuly: i can bring it back...
(88:31 / Allies) StormsInJuly: yeah looks as tho i should
(88:34 / Allies) kunt.roII: nah
(88:36 / Allies) kunt.roII: too late anyways
(88:39 / Allies) StormsInJuly: ok
(88:40 / Allies) kunt.roII: move it or lose it
(89:02 / All) kunt.roII: dam,
(89:03 / All) kunt.roII: gg
(89:07 / All) L.AKnight: lol
(89:25 / All) L.AKnight: comon
(89:35 / All) kunt.roII: ?
(90:16 / Allies) kunt.roII: tbqh dotts are the only cool elf unit
(90:29 / Allies) StormsInJuly: do you mean cool like
(90:36 / Allies) StormsInJuly: gameplay wise?
(90:45 / Allies) kunt.roII: all of the above
(91:06 / Allies) StormsInJuly: yeah they are kind of interesting i guess. i like manaflares though
(91:15 / Allies) kunt.roII: im scurred of mass hippo
(91:28 / Allies) StormsInJuly: then go ground form and smute the zep when they bring it in
(91:35 / Allies) StormsInJuly: bigger problem is siege from ground
(91:51 / Allies) kunt.roII: hmm yea
(91:53 / Allies) kunt.roII: can prob hit that
(91:59 / Allies) kunt.roII: not the back tho
(92:08 / Allies) kunt.roII: dott on a hill
(92:10 / Allies) StormsInJuly: no def not the back but once they get heroes up here safely
(92:15 / Allies) kunt.roII: yea
(92:17 / Allies) StormsInJuly: we're in troubletown
(92:23 / Allies) StormsInJuly: keep a watchful eye for zeps
(92:27 / Allies) StormsInJuly: if you get a good smute in its gg
(92:34 / Allies) kunt.roII: fo sho
(92:44 / Allies) StormsInJuly: wrong button.
(93:09 / All) L.AKnight: lol
(93:22 / Allies) kunt.roII: nice
(93:25 / Allies) StormsInJuly: hope they're spending all their cash!!! probably not
(93:29 / Allies) StormsInJuly: wonderign where our heroes are
(94:07 / Allies) StormsInJuly: think i saw wisps there once
(94:31 / Allies) kunt.roII: thinkin i sell mana aura
(94:41 / Allies) StormsInJuly: yeahhhh do we want any tech up here?
(94:44 / Allies) StormsInJuly: like hawk house?
(94:50 / Allies) kunt.roII: if u can
(94:57 / Allies) StormsInJuly: i'd need more gold
(94:58 / Allies) StormsInJuly: probably not
(95:00 / Allies) kunt.roII: i could sell for 2 hawk in a pinch
(95:06 / Allies) StormsInJuly: yeah ok
(95:23 / Allies) kunt.roII: farm back there
(95:24 / Allies) kunt.roII: heh
(95:37 / Allies) kunt.roII: we should have a photo op with our heroes up here
(95:40 / Allies) StormsInJuly: oh yeah farms
(95:50 / Allies) StormsInJuly: not finishing it for now
(95:52 / Allies) StormsInJuly: we might need the cashhh
(95:56 / Allies) kunt.roII: yea
(96:12 / Allies) kunt.roII: can u staff that zep of urs
(96:15 / Allies) kunt.roII: once all other shit dies
(96:28 / Allies) kunt.roII: will it go to unfinished bulding i wodner
(96:43 / Allies) StormsInJuly: sometimes it goes to castle
(96:45 / Allies) StormsInJuly: where it used to be i mean
(96:47 / Allies) kunt.roII: dam
(96:48 / Allies) StormsInJuly: would suck in this case
(96:49 / Allies) kunt.roII: alot of aps
(97:02 / Allies) StormsInJuly: man i havent perched in a while yo
(97:17 / Allies) kunt.roII: Scren
(97:19 / Allies) kunt.roII: Capt
(97:23 / All) kunt.roII: gl n hf
(97:33 / All) kunt.roII: hey how many treees u guys got
(97:42 / All) L.AKnight: lol no idea
(97:56 / All) kunt.roII: they gonna have fully bellies before u find us >:]
(98:11 / Allies) StormsInJuly: i like perfectly square forest
(98:27 / Allies) kunt.roII: when i play alpha centauri
(98:30 / Allies) kunt.roII: i mass forest
(98:34 / Allies) kunt.roII: and forest farm everything
(98:45 / Allies) StormsInJuly: yeah units go to aviary
(99:00 / Allies) kunt.roII: heal zep then return staff
(99:16 / Allies) StormsInJuly: when i play alpha centauri i just go gayans and mass mind worms, fuck trees i like fungus
(99:41 / Allies) kunt.roII: da fuck
(99:44 / Allies) kunt.roII: ah there it goes
(100:25 / Allies) StormsInJuly: so how about sc2 beta
(100:29 / Allies) StormsInJuly: u looking fward
(100:30 / Allies) StormsInJuly: to it
(100:33 / Allies) kunt.roII: havent signed up yet tbqh
(100:34 / Allies) kunt.roII: i really should!
(100:44 / Allies) kunt.roII: i have shitty comp does that make me more/less likely to get it
(100:48 / Allies) StormsInJuly: i dont know
(100:51 / Allies) StormsInJuly: was thinking about that too
(100:59 / Allies) kunt.roII: was hoping most ppl have new comps etc
(101:06 / Allies) kunt.roII: but they want game to be very compatable ofc
(101:07 / Allies) StormsInJuly: what specs are ideal? im sure i could either fake them
(101:09 / Allies) StormsInJuly: or find a computer
(101:22 / Allies) kunt.roII: wonder if any wisp even left
(101:28 / Allies) kunt.roII: help me looke
(101:34 / Allies) StormsInJuly: i signed up my main account with
(101:37 / Allies) StormsInJuly: win 7
(101:47 / Allies) kunt.roII: he took ur base
(101:51 / Allies) StormsInJuly: manner
(101:52 / Allies) StormsInJuly: up
(101:53 / Allies) kunt.roII: invis almost up
(101:57 / Allies) StormsInJuly: yeah
(102:01 / Allies) StormsInJuly: ...
(102:04 / Allies) StormsInJuly: holy
(102:05 / Allies) StormsInJuly: cow
(102:08 / Allies) kunt.roII: wtf
(102:10 / Allies) kunt.roII: haha
(102:16 / Allies) StormsInJuly: oh yeah that thing
(102:19 / Allies) StormsInJuly: means perch is full
(102:20 / Allies) kunt.roII: never see that
(102:24 / Allies) kunt.roII: ur building
(102:25 / Allies) kunt.roII: lol
(102:37 / Allies) StormsInJuly: try it again
(102:39 / Allies) kunt.roII: dam this is intense
(102:40 / Allies) StormsInJuly: when its CD
(102:55 / Allies) kunt.roII: nope
(102:58 / Allies) StormsInJuly: haha
(103:11 / Allies) kunt.roII: this makes tmute very dangerous
(103:14 / Allies) kunt.roII: glad i found out now tho
(103:18 / Allies) StormsInJuly: yeahhhhhh i can
(103:21 / Allies) StormsInJuly: cancel aviary
(103:30 / Allies) StormsInJuly: keep it hotkeyed so you can too in a pinch
(103:35 / Allies) kunt.roII: probobly a good thing
(103:40 / Allies) kunt.roII: i cant cancel
(103:44 / Allies) StormsInJuly: really.
(103:46 / Allies) kunt.roII: ye
(103:57 / Allies) StormsInJuly: well i didnt find any wisp. you want zep?
(104:00 / Allies) kunt.roII: well i dont think so theres no button
(104:05 / Allies) kunt.roII: 4 wisp there
(104:11 / Allies) kunt.roII: in the heart of the enemy fortress
(104:23 / Allies) kunt.roII: they see
(104:24 / Allies) kunt.roII: ruh oh
(104:35 / Allies) StormsInJuly: staff him home
(104:36 / Allies) StormsInJuly: in zep
(104:39 / Allies) StormsInJuly: or
(104:41 / Allies) StormsInJuly: do a perfect play
(104:43 / Allies) StormsInJuly: and zepstaff both
(104:45 / Allies) kunt.roII: its ur zep
(104:54 / Allies) StormsInJuly: hmm ok get outta there
(104:55 / Allies) kunt.roII: i was practicing that
(104:59 / Allies) kunt.roII: u got it
(105:28 / Allies) StormsInJuly: dd
(105:50 / Allies) StormsInJuly: :-)
(105:52 / Allies) kunt.roII: heh
(105:53 / Allies) StormsInJuly: they lookin for us
(105:57 / Allies) kunt.roII: yea
(106:05 / Allies) StormsInJuly: they dont seem to have any air so
(106:11 / Allies) kunt.roII: maybe they are out of gold
(106:15 / Allies) kunt.roII: that was alot of ap
(106:42 / Allies) kunt.roII: never had a real perch on this map
(106:48 / Allies) kunt.roII: i guess first time for everything. .. .
(106:52 / Allies) StormsInJuly: yeah
(107:03 / Allies) StormsInJuly: this was always a map we didnt think would ever get perched
(107:07 / Allies) kunt.roII: heh
(107:08 / Allies) StormsInJuly: but we thought that about bgrounds and shit too
(107:09 / Allies) kunt.roII: silly dh
(107:26 / Allies) StormsInJuly: got your smutes up?
(107:38 / All) kunt.roII: u found me
(108:07 / Allies) StormsInJuly: dunno if i like that
(108:28 / All) StormsInJuly: out of my front yard thx
(108:45 / All) StormsInJuly: time to use that 5000 gold yes
(108:54 / Allies) kunt.roII: dam if those heroes get hurt
(108:59 / Allies) kunt.roII: i could go down and assassinate dem
(109:05 / Allies) StormsInJuly: yeahhhhh be careful with that
(109:08 / Allies) StormsInJuly: no coming back
(109:21 / Allies) StormsInJuly: remember your staff dont work
(109:23 / Allies) StormsInJuly: smute that zep and go home
(109:25 / Allies) kunt.roII: yeah
(109:47 / Allies) StormsInJuly: ?
(109:48 / Allies) StormsInJuly: ok.
(109:52 / Allies) StormsInJuly: you got it?
(109:54 / Allies) kunt.roII: yea
(110:06 / All) kunt.roII: once more once
(110:22 / Allies) kunt.roII: warden scanning eastern horizon
(110:50 / Allies) kunt.roII: ha
(110:53 / Allies) StormsInJuly: go to lake
(110:55 / Allies) StormsInJuly: and scroll camera all the way down
(111:01 / Allies) StormsInJuly: is like a wall out there
(111:05 / Allies) kunt.roII: oh weird
(111:21 / Allies) kunt.roII: but
(111:26 / Allies) kunt.roII: the terrain on the cliff side past wall
(111:29 / Allies) kunt.roII: isnt even mirror
(111:33 / Allies) kunt.roII: its terrain of its own
(111:57 / Allies) kunt.roII: u use map editor right
(112:01 / Allies) StormsInJuly: yeom
(112:08 / Allies) kunt.roII: do u get to set the boundry
(112:12 / Allies) StormsInJuly: yes
(112:16 / Allies) kunt.roII: with however much space in that nowhere land
(112:32 / Allies) StormsInJuly: yeah there's map boundary which is always you know
(112:34 / Allies) StormsInJuly: multiple of 64 i think
(112:35 / Allies) StormsInJuly: or 32
(112:37 / Allies) kunt.roII: yea
(112:40 / Allies) StormsInJuly: then camera boundary is whatever
(112:44 / Allies) kunt.roII: right
(112:50 / Allies) kunt.roII: you can adjust camera however?
(113:00 / Allies) StormsInJuly: yeah
(113:06 / Allies) kunt.roII: cool
(113:07 / Allies) StormsInJuly: i always make my maps too big at start
(113:08 / Allies) StormsInJuly: so
(113:16 / Allies) StormsInJuly: there ends up being a lot of detailed terrain outside boundaries
(113:29 / Allies) kunt.roII: never even noticed
(113:30 / Allies) kunt.roII: this huge hill
(114:19 / Allies) kunt.roII: tree make assassination impossible
(114:23 / Allies) kunt.roII: fstrike this
(114:28 / Allies) kunt.roII: get up there and nuke trees
(114:38 / Allies) StormsInJuly: i can nuke trees just fine
(115:09 / Allies) StormsInJuly: .
(115:10 / Allies) kunt.roII: haha
(115:17 / Allies) StormsInJuly: told you not to do That
(115:20 / Allies) kunt.roII: Welp
(115:26 / Allies) kunt.roII: told myself not to but
(115:32 / Allies) kunt.roII: i just have this ugre to suicide elf unit u see
(116:01 / Allies) kunt.roII: tbqh i coulda had her but dagger wouldnt go i dont konw why
(116:16 / Allies) StormsInJuly: you mean sstrike
(116:17 / Allies) StormsInJuly: or what
(116:21 / Allies) kunt.roII: ya
(116:32 / Allies) StormsInJuly: ok when i think dagger i think blink dag
(117:00 / All) StormsInJuly: come back soon.
(117:17 / All) kunt.roII: welcome to highperch: goldshire edition
(117:21 / All) kunt.roII: please enjoy your stay
(117:36 / Allies) StormsInJuly: no siege yet makes me think they kinda broke
(117:38 / Allies) kunt.roII: yea
(117:46 / Allies) StormsInJuly: i mean i built towers kinda far in
(117:47 / Allies) StormsInJuly: so
(117:49 / Allies) StormsInJuly: i could blizz
(117:50 / Allies) StormsInJuly: but still
(117:52 / Allies) kunt.roII: i thought the 5k was a bluff
(118:06 / Allies) StormsInJuly: yeah iw asnt sure i mean they cant have been in upkeep very long
(118:13 / Allies) kunt.roII: recently me and frosty played this map and the enemy had both mid expo but massed orc towers..
(118:19 / Allies) kunt.roII: and i was surprised @ how fast they ran outta gold
(118:26 / Allies) kunt.roII: that was the game with all those goofy screenshots
(118:40 / Allies) StormsInJuly: want to res your warden?
(118:46 / Allies) kunt.roII: iono if i should right now
(118:49 / Allies) StormsInJuly: 4 wells and
(118:50 / Allies) kunt.roII: not alot were gonna do with her
(118:51 / Allies) StormsInJuly: altar
(118:56 / Allies) kunt.roII: 3 wells
(118:58 / Allies) kunt.roII: and altar
(119:18 / Allies) kunt.roII: thats alot
(119:18 / Allies) StormsInJuly: gonna go sell items
(119:26 / Allies) kunt.roII: 720 gold + hero res
(119:29 / Allies) kunt.roII: is another 350 or so
(119:32 / Allies) StormsInJuly: yeah that's like a g total
(119:50 / Allies) StormsInJuly: you gota lot xmuting to do
(120:13 / Allies) kunt.roII: at this point
(120:15 / Allies) kunt.roII: u can saftely cancel
(120:23 / Allies) kunt.roII: could make altar there
(120:25 / Allies) StormsInJuly: f i n e
(120:30 / Allies) StormsInJuly: dont think you can make alt though
(120:31 / Allies) kunt.roII: not like wed have gold for hawk
(120:37 / Allies) kunt.roII: oh
(120:44 / Allies) kunt.roII: u were rite
(121:03 / Allies) kunt.roII: leavin space
(121:04 / Allies) kunt.roII: for staff room
(121:11 / Allies) kunt.roII: can make a well there too
(121:18 / Allies) kunt.roII: err
(121:19 / Allies) kunt.roII: no damn
(121:19 / Allies) StormsInJuly: yeah make it on back hills
(121:20 / Allies) kunt.roII: barely
(121:21 / Allies) StormsInJuly: we dont need that space
(121:37 / Allies) kunt.roII: i cant make it there sadly
(121:41 / Allies) kunt.roII: gonna have to hide on mainland
(121:50 / Allies) StormsInJuly: nahhhhhhh just make it further out
(121:53 / Allies) StormsInJuly: they arent seigeing
(122:43 / Allies) kunt.roII: lol
(123:09 / Allies) kunt.roII: yo can u spare a brother some change
(123:17 / Allies) StormsInJuly: get a job
(123:22 / Allies) kunt.roII: i could kill 5 dott
(123:25 / Allies) kunt.roII: make 1 less
(123:29 / Allies) kunt.roII: not rly worth it!
(123:34 / Allies) StormsInJuly: well
(123:36 / Allies) StormsInJuly: do you have money
(123:38 / Allies) StormsInJuly: make altar first
(123:42 / Allies) StormsInJuly: so you can plan accordingly
(123:42 / Allies) kunt.roII: ahh
(124:49 / Allies) kunt.roII: hes healing every one lol
(125:28 / Allies) kunt.roII: got enuf for well and hero
(125:35 / Allies) StormsInJuly: well then
(126:18 / Allies) StormsInJuly: a protip
(126:22 / Allies) StormsInJuly: zepstaff is easy with numpad
(126:27 / Allies) StormsInJuly: just click, 8, click
(127:11 / Allies) StormsInJuly: i dont even need any distance between hero and zep
(127:13 / Allies) kunt.roII: ugh
(127:18 / Allies) kunt.roII: but u have eurodelay
(127:23 / Allies) StormsInJuly: i show
(127:27 / Allies) kunt.roII: oh wait
(127:29 / Allies) kunt.roII: i dont have a staff lol.
(127:41 / Allies) StormsInJuly: i took it just now
(128:09 / Allies) kunt.roII: if only u had 5 bm too
(128:10 / Allies) StormsInJuly: what you trying to say
(128:11 / Allies) kunt.roII: those would fall in 1 cast
(128:15 / Allies) kunt.roII: from behind
(128:27 / Allies) StormsInJuly: if i had 6 bm
(128:32 / Allies) StormsInJuly: killing aps woudl be eazy
(130:15 / Allies) kunt.roII: hrmm
(130:35 / Allies) StormsInJuly: are you using numpad.
(130:36 / Allies) kunt.roII: ye not working for emt hat way
(130:37 / Allies) kunt.roII: eya
(130:40 / Allies) kunt.roII: trying ur way
(131:03 / Allies) StormsInJuly: you have numpad on yes and hitting 7, not 8?
(131:09 / Allies) kunt.roII: da fuck
(131:11 / Allies) kunt.roII: was taht
(131:19 / Allies) StormsInJuly: staff of teleport
(131:21 / Allies) StormsInJuly: inside zep
(131:23 / Allies) StormsInJuly: does that
(131:30 / Allies) kunt.roII: haha iw as hitting 8 durp
(131:34 / Allies) kunt.roII: weird
(131:51 / Allies) kunt.roII: ahh ye
(132:01 / Allies) kunt.roII: does work
(132:20 / Allies) kunt.roII: dooboodooboodoop inspector gadget
(132:37 / Allies) StormsInJuly: wanna see if they're still here ?
(132:49 / Allies) kunt.roII: im afraid of heroes afk at aps
(132:54 / Allies) kunt.roII: not sure what can do about that
(133:05 / Allies) StormsInJuly: do you think they still have ap there?
(133:06 / Allies) kunt.roII: where da sorc @
(133:10 / Allies) StormsInJuly: dead : (
(133:11 / Allies) kunt.roII: somre maybe
(133:13 / Allies) kunt.roII: oh no
(133:22 / Allies) kunt.roII: looks like warden flies solo for now
(133:44 / Allies) kunt.roII: GOIN OTHER WAY
(133:54 / All) StormsInJuly: how you boys feeling on this fine day
(135:13 / Allies) kunt.roII: if u wanna siege these ents
(135:16 / Allies) kunt.roII: i could scout for them coming for u
(135:31 / Allies) StormsInJuly: hmmmmmmm i guessss
(135:37 / Allies) StormsInJuly: would they get revealed if we kill em
(135:41 / Allies) kunt.roII: iono
(135:44 / Allies) kunt.roII: they had alot of ToL
(135:45 / Allies) StormsInJuly: you can use you dott for it
(135:59 / Allies) StormsInJuly: red ToE is still in main base i think
(137:09 / Allies) StormsInJuly: noo
(137:13 / Allies) StormsInJuly: cyclone
(137:16 / Allies) StormsInJuly: or just fly away troll
(137:18 / Allies) kunt.roII: haha
(137:24 / Allies) kunt.roII: oh man
(137:25 / Allies) kunt.roII: u wanan
(137:28 / Allies) kunt.roII: cyclone kotg perm
(137:32 / Allies) kunt.roII: ill kill potm
(137:38 / Allies) StormsInJuly: hmmmmm lotta wells there
(137:42 / Allies) StormsInJuly: but sure
(137:51 / Allies) StormsInJuly: if you're ready.
(137:51 / Allies) kunt.roII: sec
(138:00 / Allies) kunt.roII: can they see here
(138:02 / Allies) StormsInJuly: going
(138:30 / Allies) kunt.roII: kotg now
(138:41 / All) StormsInJuly: hows the wheather
(139:31 / Allies) kunt.roII: b
(139:39 / Allies) kunt.roII: gotta heal
(140:01 / Allies) StormsInJuly: yeah head home
(140:05 / Allies) StormsInJuly: gogogo
(140:06 / Allies) StormsInJuly: now
(140:17 / Allies) kunt.roII: damm
(140:51 / Allies) StormsInJuly: no smute?
(140:55 / Allies) kunt.roII: alc was de hotkeyd somehow
(141:03 / Allies) StormsInJuly: there we go
(141:11 / Allies) StormsInJuly: i feel more noob for losing my hawk now
(141:15 / Allies) kunt.roII: heh
(142:27 / Allies) StormsInJuly: teal probably has to build wisp then altar then res
(142:34 / Allies) StormsInJuly: probably gonna go down over here
(142:37 / Allies) kunt.roII: omw
(143:06 / Allies) kunt.roII: get?
(143:07 / Allies) kunt.roII: it?
(143:09 / Allies) StormsInJuly: yeah he sees but i dont think any tangles out
(143:10 / Allies) kunt.roII: food
(143:12 / Allies) StormsInJuly: i got
(143:25 / Allies) StormsInJuly: go
(143:28 / Allies) StormsInJuly: i can survive dh
(143:31 / Allies) kunt.roII: if dh comes wanna kill
(144:03 / Allies) StormsInJuly: ok maybe making altar in that mess of aps then
(144:28 / Allies) StormsInJuly: dh
(145:12 / Allies) StormsInJuly: you dont have hp now
(145:16 / Allies) kunt.roII: healing
(145:18 / Allies) kunt.roII: ill be back
(145:30 / All) StormsInJuly: still fun?
(145:34 / All) StormsInJuly: i hope so,
(145:40 / All) L.AKnight: lol
(145:56 / Allies) kunt.roII: was that it
(146:13 / Allies) StormsInJuly: wisps
(146:27 / Allies) StormsInJuly: we can surr
(146:29 / Allies) StormsInJuly: if you cyc
(146:35 / Allies) StormsInJuly: draw him out
(146:40 / Allies) StormsInJuly: lets hit this and he'll come
(146:40 / Allies) kunt.roII: wanan tmute
(146:43 / Allies) kunt.roII: chims first
(146:53 / Allies) StormsInJuly: ¨he he
(147:23 / Allies) StormsInJuly: cyc him when he goes in next time and we surround
(147:28 / Allies) StormsInJuly: like, now
(147:48 / Allies) StormsInJuly: he has pot
(148:13 / Allies) kunt.roII: u cant fight a lvl 10 dh
(148:16 / Allies) kunt.roII: O_O
(148:22 / Allies) StormsInJuly: yeahhh didnt mean to
(148:24 / Allies) StormsInJuly: surr with dott
(148:27 / Allies) StormsInJuly: i figured just heroes
(148:29 / Allies) kunt.roII: ah
(148:45 / Allies) StormsInJuly: i dont think he has wells in there
(148:56 / Allies) kunt.roII: most liekly not
(149:05 / Allies) StormsInJuly: gonna op his altar
(149:15 / Allies) kunt.roII: want me to bring da bear
(149:18 / Allies) kunt.roII: i think we ok
(149:26 / Allies) StormsInJuly: send alch home
(149:37 / Allies) StormsInJuly: sstrike
(150:02 / Allies) StormsInJuly: NICE
(150:04 / Allies) kunt.roII: dam
(150:07 / All) StormsInJuly: peace
(150:23 / Allies) StormsInJuly: altar gone
(150:27 / All) kunt.roII: dooboodooboodoop inspector gadget
(150:53 / All) kunt.roII: i hope ur as well prepared as we were
(151:46 / Allies) StormsInJuly: ok
(151:51 / Allies) StormsInJuly: i think i gotta make some breakfast
(151:54 / Allies) kunt.roII: haha..
(152:04 / All) L.AKnight: lol
(152:06 / All) L.AKnight: gg
(152:08 / All) kunt.roII: 2ez
(152:11 / All) kunt.roII: to be a gg
(152:15 / All) L.AKnight: never played this kind of game
(152:22 / Allies) StormsInJuly: smute that wisp
(152:23 / Allies) StormsInJuly: $smute it
(152:28 / All) L.AKnight: anyways well planned
(152:30 / Allies) StormsInJuly: tran$mute
(152:33 / All) kunt.roII: ^_*
(152:40 / All) kunt.roII: no
(152:41 / All) kunt.roII: no
(152:41 / All) kunt.roII: no
(152:42 / All) kunt.roII: no
(152:44 / Allies) StormsInJuly: a nice hide ?
(152:55 / Allies) StormsInJuly: yeah he hiding i guess
(152:58 / All) L.AKnight: lol wasted too much gold
(153:02 / All) L.AKnight: shoulda saved it
(153:10 / Allies) kunt.roII: bear gaurding entrance
(153:34 / Allies) kunt.roII: prophet bird can check for more
(153:42 / Allies) StormsInJuly: wisp
(153:49 / Allies) StormsInJuly: and a chimbo
(154:09 / Allies) StormsInJuly: where his tol i wonder?
(154:15 / Allies) StormsInJuly: that's what we need to kill
(154:25 / Allies) kunt.roII: veritcal take off and landing
(154:53 / Allies) StormsInJuly: have you Got That?
(154:58 / Allies) kunt.roII: the units
(155:01 / Allies) kunt.roII: trees gonna take sometime..
(155:12 / Allies) StormsInJuly: i think they're reveal timered now
(155:59 / Allies) StormsInJuly: haha.
(156:01 / Allies) StormsInJuly: haha
(156:03 / Allies) kunt.roII: run the gauntlet
(156:06 / Allies) StormsInJuly: a good run
(156:07 / Allies) kunt.roII: i double dog dare u
(156:20 / Allies) kunt.roII: retrain for free win.
(156:22 / Allies) StormsInJuly: cant all have The Best Heroes In The Game
(156:34 / Allies) StormsInJuly: retrain to what? welemental?
(156:42 / Allies) kunt.roII: banish silly
(156:51 / Allies) StormsInJuly: hh
(157:14 / Allies) kunt.roII: this dott is on a mission
(157:25 / Allies) StormsInJuly: to find the others listening
(157:26 / Allies) kunt.roII: oh no did u get the chim
(157:27 / Allies) StormsInJuly: and cruise from land to lan d
(157:32 / Allies) StormsInJuly: yeah i think i did
(157:40 / Allies) StormsInJuly: ok you did
(158:03 / Allies) kunt.roII: gonna retrain
(158:04 / Allies) StormsInJuly: firebird
(158:05 / Allies) StormsInJuly: in 3
(158:06 / Allies) StormsInJuly: 2
(158:07 / Allies) StormsInJuly: 1
(158:07 / Allies) kunt.roII: heal 3
(158:12 / Allies) kunt.roII: never seen heal 3
(158:13 / Allies) kunt.roII: tbqh
(158:17 / Allies) StormsInJuly: is a nice heal
(158:42 / Allies) StormsInJuly: but seriously
(158:49 / Allies) StormsInJuly: 7 alch is by far the h
(158:54 / Allies) StormsInJuly: highest dps hero in the game
(158:56 / Allies) StormsInJuly: better than potm with fire arrow
(158:58 / Allies) kunt.roII: ya
(159:04 / Allies) kunt.roII: that is a ncie heal man
(159:25 / All) L.AKnight: ur first game?
(159:28 / All) kunt.roII: ye
(159:29 / All) StormsInJuly: ye
(159:38 / All) L.AKnight: let us take the win?
(159:40 / All) StormsInJuly: i played some tower defense before so thats why
(159:43 / All) kunt.roII: not sure how
(159:49 / All) L.AKnight: hehe
(159:57 / All) L.AKnight: we make to lvl 29
(160:00 / All) StormsInJuly: this game is weird!!!
(160:14 / All) L.AKnight: its gg for me hehe
(160:18 / All) L.AKnight: fun game
(160:19 / All) kunt.roII: Gg
(160:28 / All) kunt.roII: glad we all had fun!@
(160:30 / All) L.AKnight: by any chance u can let us take the win?
(160:33 / All) kunt.roII: cause thats what this is about ya know
(160:35 / Allies) kunt.roII: this guy
(160:36 / Allies) kunt.roII: is like
(160:38 / Allies) kunt.roII: in sc customs
(160:39 / All) StormsInJuly: that's what matters yes. everyone just haveing a good time
(160:41 / All) L.AKnight: we make to lvl 29
(160:45 / Allies) kunt.roII: "ok can u leave so i get win"
(160:58 / All) L.AKnight: tryin to get rank 1 hehe
(161:02 / All) kunt.roII: gl hf..
(161:49 / All) L.AKnight: ye no?
(161:52 / All) StormsInJuly: ye.... no
(162:06 / All) kunt.roII: damn..i hope u didnt hide like we did lol!
(162:18 / All) L.AKnight: lol u got the best spot eh?
(162:37 / All) StormsInJuly: is a nice spot
(162:38 / Allies) StormsInJuly: by the lake
(162:47 / All) StormsInJuly: close to shore
(163:06 / All) L.AKnight: aight good night
(163:09 / All) kunt.roII: gn
(163:09 / All) L.AKnight: late
(163:36 / Allies) kunt.roII: dam
(163:38 / Allies) kunt.roII: outta scans lol
(164:25 / Allies) kunt.roII: a gg